 Dungeon Crawl Stone Soup version 0.23-a0-480-g1869896 (webtiles) character file.

814 theanonym the Cudgeler (level 7, -1/56 HPs)
             Began as a Mummy Warper on Nov 29, 2018.
             Was an Initiate of Gozag.
             Slain by a jackal (2 damage)
             ... on level 5 of the Dungeon.
             The game lasted 00:08:57 (7778 turns).

theanonym the Cudgeler (Mummy Warper)               Turns: 7778, Time: 00:08:58

Health: -1/56      AC:  9    Str: 16    XL:     7   Next: 62%
Magic:  11/11      EV:  7    Int: 13    God:    Gozag
Gold:   371        SH:  0    Dex: 11    Spells: 11/11 levels left

rFire    . . .     SeeInvis .   a - +0 mace
rCold    + + .     Gourm    .   (no shield)
rNeg     + + +     Faith    .   m - +0 chain mail
rPois    ∞         Spirit   .   c - +0 helmet
rElec    .         Reflect  .   l - scarf {rC+ rF+}
rCorr    .         Harm     .   (no gloves)
MR       .....                  (no boots)
Stlth    ..........             (no amulet)
HPRegen  0.18/turn              n - ring of wizardry
MPRegen  0.12/turn              (no ring)

@: about to teleport
A: no food or potions, fire vulnerability, cold resistance 1, negative energy
resistance 3, torment resistance, unbreathing
a: Potion Petition, Call Merchant, Bribe Branch, Renounce Religion


Innate Abilities, Weirdness & Mutations

You do not eat or drink.
Your flesh is vulnerable to fire.
You are immune to poison.
Your flesh is cold resistant. (rC+)
You are immune to negative energy. (rN+++)
You are immune to unholy pain and torment.
You can survive without breathing.


   Skills:
 + Level 5.2 Fighting
 * Level 6.1 Maces & Flails
 - Level 0.7 Throwing
 - Level 0.7 Armour
 - Level 1.5 Dodging
 - Level 2.6 Spellcasting
   Level 2.4 Translocations


You had 11 spell levels left.
You didn't know any spells.
Your spell library contained the following spells:

 Spells                   Type           Power        Failure   Level  Hunger
 Blink                    Tloc           N/A          69%         2    N/A
 Shroud of Golubria       Chrm/Tloc      #.........   85%         2    N/A
 Gell's Gravitas          Tloc           #.........   88%         3    N/A
 Lesser Beckoning         Tloc           #.........   88%         3    N/A
 Teleport Other           Tloc           #.......     88%         3    N/A
 Passage of Golubria      Tloc           N/A          99%         4    N/A

Skill      XL: |  1  2  3  4  5  6  7 |
---------------+----------------------+-----
Maces & Flails | 2 3 4 5 6 |  6.1
Fighting       | 3 4 5 |  5.2
Throwing       | |  0.7
Armour         | |  0.7
Dodging        | |  1.5
Spellcasting   | |  2.6
Translocations | |  2.4

Action                   |  1- 3 |  4- 6 |  7- 9 || total
-------------------------+-------+-------+-------++-------
Melee: Mace              |   176 |   314 |   115 ||   605
Throw: Tomahawk          |       |     4 |     1 ||     5
Invok: Potion Petition   |       |       |     1 ||     1
Evoke: Wand              |       |    10 |     1 ||    11
  Use: Scroll            |       |     6 |     3 ||     9
Armor: Leather armour    |    77 |       |       ||    77
       Ring mail         |     5 |   131 |       ||   136
       Chain mail        |       |    41 |   126 ||   167
Dodge: Dodged            |   156 |   236 |    81 ||   473

Inventory:

Hand Weapons
 a - a +0 mace (weapon)
Missiles
 g - 39 bolts
 h - 40 arrows
Armour
 c - a +0 helmet (worn)
   (You took it off Robin on level 3 of the Dungeon)
 l - a scarf of resistance (worn)
   (You found it on level 2 of the Dungeon)
 m - a +0 chain mail (worn)
   (You found it on level 4 of the Dungeon)
Jewellery
 n - a ring of wizardry (left hand)
   (You found it on level 5 of the Dungeon)
Scrolls
 d - 2 scrolls of enchant armour
 f - 2 scrolls of fog
 t - a scroll of teleportation {!r}
 y - 2 scrolls of magic mapping


You were on level 5 of the Dungeon.
You worshipped Gozag.
Gozag was aware of your devotion.
You were not hungry.

You visited 1 branch of the dungeon, and saw 6 of its levels.

You collected 413 gold pieces.
You paid 42 gold pieces to Gozag.

Dungeon Overview and Level Annotations

Branches:
Dungeon (6/15)
 Temple: D:4-7

Altars:
Dithmenos
Elyvilon
Gozag
Nemelex Xobeh
Okawaru
Sif Muna

Shops:
D:6 (

Annotations:
D:3 1 runed door, exclusions: door and ogre, Twixt's ghost, weakling MiFi

..............# #.#
#.# ..............#
#.# #.#
..............# #.#
#.#
.............####.#
#.#
.............'....#
#.#
....#........#######
#.#
..#................#
#.#
..#.......########.#
#.#
..'.......'<...z@z.#
#.#
###.(.....######h###
#.# ..........# #z#
#.# .....)....# #.#
#.# .....[....# #.#
#.# .........%# #.#
#.# ..........# #.#
#.# ..........# #.#
#.# .........##
#.######.##


You could see 3 wights and a jackal.

Notes
Turn   | Place    | Note
-------+----------+-------------------------------------------
     0 | D:1      | theanonym the Mummy Warper began the quest for the Orb.
     0 | D:1      | Reached XP level 1. HP: 16/16 MP: 4/4
    82 | D:1      | Reached skill level 2 in Maces & Flails
   238 | D:1      | Reached XP level 2. HP: 15/22 MP: 5/5
   698 | D:1      | Reached XP level 3. HP: 20/28 MP: 7/7
  1424 | D:2      | HP: 14/28 [jackal (3)]
  1430 | D:2      | HP: 11/28 [jackal (1)]
  1693 | D:2      | HP: 14/28 [goblin/+0 club (1)]
  1696 | D:2      | Reached skill level 3 in Maces & Flails
  2053 | D:2      | Reached XP level 4. HP: 32/34 MP: 8/8
  2101 | D:2      | Reached skill level 3 in Fighting
  2435 | D:3      | Found a runed door.
  2443 | D:3      | Noticed Twixt's ghost (weakling MiFi)
  2452 | D:3      | Found a sparkling altar of Nemelex Xobeh.
  2596 | D:3      | Noticed Jessica
  2610 | D:3      | Killed Jessica
  2610 | D:3      | Reached XP level 5. HP: 38/41 MP: 9/9
  2630 | D:3      | Noticed an ogre
  2745 | D:3      | Found a white marble altar of Elyvilon.
  2865 | D:4      | Noticed Robin
  3040 | D:3      | HP: 20/41 [Robin/+0 club (2)]
  3053 | D:3      | HP: 9/41 [Robin/+0 club (6)]
  3055 | D:3      | Killed Robin
  3514 | D:4      | Reached skill level 4 in Maces & Flails
  3666 | D:4      | HP: 16/41 [scorpion (8)]
  3672 | D:4      | HP: 10/41 [scorpion (4)]
  3909 | D:4      | Reached XP level 6. HP: 34/48 MP: 10/10
  4053 | D:4      | Reached skill level 4 in Fighting
  4168 | D:3      | Found an opulent altar of Gozag.
  4174 | D:3      | Became a worshipper of Gozag Ym Sagoz the Greedy
  4368 | D:3      | Found a deep blue altar of Sif Muna.
  4627 | D:4      | HP: 14/48 [orc priest/divine providence (11)]
  5368 | D:5      | Entered Level 5 of the Dungeon
  5530 | D:5      | Found an iron altar of Okawaru.
  5533 | D:5      | Noticed a sky beast
  5554 | D:5      | Killed a sky beast
  5554 | D:5      | Reached skill level 5 in Maces & Flails
  5646 | D:5      | Found a shadowy altar of Dithmenos.
  5771 | D:5      | Reached XP level 7. HP: 51/55 MP: 11/11
  5980 | D:5      | HP: 23/55 [centaur (6)]
  6283 | D:5      | HP: 24/55 [sky beast (6)]
  6793 | D:5      | HP: 27/55 [something (5)]
  6806 | D:4      | HP: 20/55 [something (1)]
  7141 | D:5      | Found an iron altar of Okawaru.
  7168 | D:5      | HP: 24/55 [ogre/+0 giant club (15)]
  7169 | D:5      | HP: 9/55 [ogre/+0 giant club (15)]
  7175 | D:5      | HP: 5/55 [ogre/+0 giant club (5)]
  7200 | D:5      | HP: 21/55 [ogre/+0 giant club (18)]
  7202 | D:5      | HP: 2/55 [ogre/+0 giant club (20)]
  7207 | D:5      | Reached skill level 5 in Fighting
  7575 | D:5      | Found a shadowy altar of Dithmenos.
  7754 | D:6      | Found Luaphu's Weapon Shop.
  7763 | D:6      | Reached skill level 6 in Maces & Flails
  7770 | D:6      | HP: 25/56 [wight/cursed +0 war axe (7)]
  7773 | D:6      | HP: 12/56 [wight/cursed +0 war axe (4)]
  7776 | D:5      | HP: 5/56 [wight/cursed +5 battleaxe of freezing (5)]
  7777 | D:5      | HP: 1/56 [wight/cursed +0 war axe (4)]
  7778 | D:5      | Slain by a jackal

Vanquished Creatures
  A sky beast (D:5)
  An ogre (D:5)
  A centaur (D:5)
  A bullfrog (D:6)
  3 scorpions
  2 hounds
  Jessica (D:3)
  A worker ant (D:4)
  A killer bee zombie (D:5)
  Robin (D:3)
  5 adders
  3 oozes
  An adder skeleton (D:4)
  2 worms
  4 dart slugs
  A leopard gecko (D:3)
  7 orcs
  8 bats
  9 giant cockroaches
  18 goblins
  8 hobgoblins
  14 jackals
  4 kobolds
  4 quokkas
  5 ball pythons
  A ball python zombie (D:5)
  10 frilled lizards
  A leopard gecko skeleton (D:5)
  A quokka skeleton (D:5)
  12 rats
131 creatures vanquished.

Table legend:
 A = Turns spent in this place as a percentage of turns spent in the entire game.
 B = Non-inter-level travel turns spent in this place as a percentage of non-inter-level travel turns spent in the entire game.
 C = Inter-level travel turns spent in this place as a percentage of turns spent in this place.
 D = Turns resting spent in this place as a percentage of non-inter-level travel turns spent in this place.
 E = Turns spent auto-exploring this place as a percentage of non-inter-level travel turns spent in this place.
 F = Non-inter-level travel turns spent in this place divided by the number of levels of this place that you've seen.
                   A       B       C       D       E      F
               +-------+-------+-------+-------+-------+----------------------
         Total | 100.0 | 100.0 |   3.8 |  45.4 |  38.8 | 1246.8
       Dungeon | 100.0 | 100.0 |   3.8 |  45.4 |  38.8 | 1246.8
               +-------+-------+-------+-------+-------+----------------------
